 Dungeon Sprint DCSS version 0.19.1 (webtiles) character file.

58 KingBobo974 the Grappler (level 3, -1/36 HPs)
             Began as a Troll Berserker on Dec 17, 2016.
             Was a Believer of Trog.
             Splashed by an oklob sapling priest's acid (15 damage)
             ... in the Dungeon (Sprint IV: "Fedhas' Mad Dash").
             The game lasted 00:01:21 (92 turns).

KingBobo974 the Grappler (Troll Berserker)            Turns: 92, Time: 00:01:22

Health: -1/36      AC:  5    Str: 26    XL:     3   Next: 75%
Magic:  2/2        EV: 10    Int:  3    God:    Trog [**....]
Gold:   43         SH:  0    Dex:  9    Spells: 0 memorised, 2 levels left

rFire  . . .     SeeInvis .       - Unarmed
rCold  . . .     Gourm    +     a - +0 animal skin
rNeg   . . .     Faith    .     (no shield)
rPois  .         Spirit   .     (helmet restricted)
rElec  .         Reflect  .     (no cloak)
rCorr  .         Harm     .     (gloves unavailable)
MR     .....     NoTele   +     (boots unavailable)
Stlth  +.........               i - amulet of invisibility {+Inv}
                                (no ring)
                                (no ring)

@: no status effects
A: unfitting armour, claws 3, fast metabolism 3, gourmand, regeneration 1,
shaggy fur 1, tough skin 2
a: Berserk, Trog's Hand, Burn Spellbooks, Renounce Religion, Evoke Invisibility


You were in the Dungeon.
You worshipped Trog.
Trog was pleased with you.
You were not hungry.

You visited 1 branch You collected 43 gold pieces.

Inventory:

Armour
 a - a +0 animal skin (worn)
Jewellery
 i - the amulet of invisibility (around neck) {+Inv}
   (You found it in the Dungeon)

   [amulet of nothing]

   It lets you turn invisible.
Scrolls
 h - a scroll of blinking
Potions
 c - a potion of curing
 d - a potion of heal wounds
 e - a potion of haste
 f - 2 potions of magic
 g - a potion of berserk rage
Comestibles
 b - 2 bread rations


   Skills:
 - Level 2.4 Fighting
 - Level 2.4 Dodging
 * Level 8.0 Unarmed Combat


You had 2 spell levels left.
You didn't know any spells.

Dungeon Overview and Level Annotations

Branches:
Dungeon (1/1)

Altars:
Cheibriados
Dithmenos
Elyvilon
Gozag
Hepliaklqana
Kikubaaqudgha
Makhleb
Nemelex Xobeh
Okawaru
Qazlal
Ru
Sif Muna
Trog
Uskayaw
Xom
Yredelemnul
Zin
The Shining One
Beogh
Jiyva

Annotations:
D exclusion: oklob sapling


Innate Abilities, Weirdness & Mutations

You are too large for most types of armour.
You have claws for hands.
Your metabolism is lightning-fast.
You like to eat raw meat.
Your natural rate of healing is unusually fast.
You are covered in fur. (AC +1)
You have very tough skin. (AC +2)


Message History

You see here a hunting sling.
i - the amulet of invisibility {+Inv} You see here a glowing dagger.
You start resting.
HP restored.
i - the amulet of invisibility (around neck) {+Inv} You open the door.
Found ten altars.
Marking area around the oklob sapling priest as unsafe for travelling.
An oklob sapling priest comes into view.
The oklob sapling priest calls down the wrath of its god upon you.
Something smites you!
Found a viscous altar of Jiyva and a bloodstained altar of Trog.
There is an open door here.
The oklob sapling priest looks braver for a moment.
Found three altars.
Found two altars.
The oklob sapling priest spits acid at you.
The splash of acid hits you!
You are splashed with acid!
The acid burns!
You die...

########################
P#.....#.....#.⌠._._._._
.'.(...'.#)).'..@._._._.
P#.....#.#...#..._._P_._
###########+##.._._._._.
#.⌠._._._._ ###########


You could see an oklob sapling priest.

Vanquished Creatures
  An oklob sapling (D)
  A worker ant (D)
  A river rat (D)
  A rat (D)
4 creatures vanquished.

Notes
Turn   | Place    | Note
-------+----------+-------------------------------------------
     0 | D        | KingBobo974 the Troll Berserker began the quest for the Orb.
     0 | D        | Reached XP level 1. HP: 22/22 MP: 0/0
    16 | D        | Reached skill level 5 in Unarmed Combat
    16 | D        | Reached XP level 2. HP: 26/29 MP: 1/1
    22 | D        | Noticed an oklob sapling
    28 | D        | Killed an oklob sapling
    28 | D        | Reached ** piety under Trog
    28 | D        | Reached skill level 7 in Unarmed Combat
    28 | D        | Reached XP level 3. HP: 16/36 MP: 2/2
    35 | D        | Reached skill level 8 in Unarmed Combat
    88 | D        | Found an opulent altar of Gozag.
    88 | D        | Found a hazy altar of Hepliaklqana.
    88 | D        | Found a burning altar of Makhleb.
    88 | D        | Found a roughly hewn altar of Beogh.
    88 | D        | Found a sparkling altar of Nemelex Xobeh.
    88 | D        | Found a snail-covered altar of Cheibriados.
    88 | D        | Found a sacrificial altar of Ru.
    88 | D        | Found a deep blue altar of Sif Muna.
    88 | D        | Found a shimmering altar of Xom.
    88 | D        | Found a basalt altar of Yredelemnul.
    89 | D        | Found a viscous altar of Jiyva.
    89 | D        | Found a bloodstained altar of Trog.
    89 | D        | Noticed an oklob sapling priest
    90 | D        | Found an iron altar of Okawaru.
    90 | D        | Found a shadowy altar of Dithmenos.
    90 | D        | Found a glowing silver altar of Zin.
    91 | D        | Found an ancient bone altar of Kikubaaqudgha.
    91 | D        | Found a hide-covered altar of Uskayaw.
    92 | D        | Found a stormy altar of Qazlal.
    92 | D        | Found a white marble altar of Elyvilon.
    92 | D        | Found a glowing golden altar of the Shining One.
    92 | D        | Splashed by an oklob sapling priest's acid

Skill      XL: |  1  2  3 |
---------------+----------+-----
Unarmed Combat | 5 7 8 |  8.0
Fighting       | |  2.4
Dodging        | |  2.4

Action                   || total
-------------------------++-------
Melee: Unarmed           ||    16
Armor: Animal skin       ||     4
Dodge: Dodged            ||     9
